 Dungeon Crawl Stone Soup version 0.31.0-12-g77e489cdc1 (webtiles) character file.

Game seed: 8226531427931998756

82 spaghetti the Caller (level 4, -3/30 HPs)
             Began as a Demonspawn Summoner on Feb 19, 2024.
             Killed by divine providence
             ... invoked by an orc priest
              (15 damage)
             ... on level 2 of the Dungeon.
             The game lasted 00:03:02 (2252 turns).

spaghetti the Caller (Demonspawn Summoner)          Turns: 2252, Time: 00:03:03

Health: -3/30      AC:  5    Str:  8    XL:     4   Next: 21%
Magic:  7/7        EV: 14    Int: 18    God:
Gold:   125        SH:  0    Dex: 13    Spells: 1/7 levels left

rFire   + . .        c - +0 great mace
rCold   + . .        (shield currently unavailable)
rNeg    . . .        o - +2 robe
rPois   +            (no helmet)
rElec   +            (no cloak)
rCorr   +            i - +0 pair of gloves
SInv    .            (no boots)
Will    +....        (no amulet)
Stlth   ++           (no ring)
HPRegen 0.25/turn    (no ring)
MPRegen 0.10/turn

%: no passive effects
@: resistant, enlightened, flying
A: repulsion field 1, demonic touch 1
a: no special abilities


You were on level 2 of the Dungeon.
You visited 1 branch of the dungeon, and saw 3 of its levels.

You collected 125 gold pieces.

Inventory:

Hand Weapons
 c - a +0 great mace (weapon)
Missiles
 m - 2 throwing nets
Armour
 i - a +0 pair of gloves (worn)
 o - a +2 robe (worn)
Jewellery
 a - an amulet of reflection
 g - an amulet of faith
Scrolls
 d - a scroll of brand weapon {unknown}
 h - 4 scrolls of teleportation {unknown}
 j - 2 scrolls of butterflies {unknown}
 n - a scroll of identify {unknown}
Potions
 b - a potion of magic
 e - a potion of curing
 k - a potion of resistance


   Skills:
 + Level 3.5 Maces & Flails
 - Level 1.7 Dodging
 - Level 1.7 Stealth
 - Level 2.0 Spellcasting
 - Level 4.0 Summonings


You had one spell level left.
You knew the following spells:

 Your Spells              Type           Power      Damage    Failure   Level
a - Summon Small Mammal   Summ           64%        N/A       3%          1
b - Call Imp              Summ           32%        N/A       5%          2
c - Call Canine Familiar  Summ           16%        N/A       11%         3

Your spell library contained the following spells:

 Spells                   Type           Power      Damage    Failure   Level
 Summon Blazeheart Golem  Fire/Summ      9%         N/A       61%         4
 Summon Lightning Spire   Summ/Air       9%         N/A       61%         4
 Animate Dead             Necr           1%         N/A       87%         4
 Haunt                    Necr/Summ      4%         N/A       100%        7
 Infestation              Necr           0%         N/A       100%        8


Dungeon Overview and Level Annotations

Branches:
Dungeon (3/15)

Altars:
Uskayaw


Innate Abilities, Weirdness & Mutations

You are surrounded by a mild repulsion field. (EV +2)
Your touch may inflict minor irresistible damage on your foes.


Message History

You sock the orc wizard!
The orc wizard is heavily wounded.
The orc priest calls down the wrath of Beogh upon you.
Beogh smites you!
Ouch! That really hurt!
* * * LOW HITPOINT WARNING * * *
The orc wizard closely misses you. The orc closely misses you.
The orc priest hits you with a +0 mace.
* * * LOW HITPOINT WARNING * * *
The orc wizard casts a spell at you. You resist with almost no effort.
The orc misses you.
Unknown command.
Unknown command.
Unknown command.
The orc priest attacks as it pursues you!
The orc priest barely misses you.
There is a stone staircase leading up here.
You fly upwards.
There is a stone staircase leading down here.
Unknown command.
Unknown command.
You closely miss the orc wizard.
The orc wizard is heavily wounded.
The orc priest calls upon Beogh to heal the orc wizard.
The orc wizard is healed somewhat.
The orc wizard points at you and mumbles some strange words.
The puff of flame hits you. You resist.
* * * LOW HITPOINT WARNING * * *
The orc priest looks braver for a moment.
The orc wizard misses you.
Unknown command.
Okay, then.
You feel better.
The orc priest mumbles some strange prayers to Beogh against you.
You resist with some effort.
The orc wizard hits you but does no damage.
The orc priest mumbles some strange prayers to Beogh against you.
Beogh smites you!
Ouch! That really hurt!
You die...

######.#....#.#
####......###..
............#.#
#..'......##...
######.####.#.#
##.##......#.... #..†...#.#
#..##......#....
#########'####>###...##.#....
#...........##.# #...##.#....
#.####......##.# ######.##...
#.# #......#..########.###..
#.# #....o>@......)..#.###.#
#.# #.....o#########........
#.####......# #.#.####.
#.##...###### #......#.
#.##...# ############.##.#.
#......# #[.........#....#.
######## #.########.#....#.
###### #.# #.#....#. .....#
#.# #.#)##.#.


You could see an orc priest and an orc wizard.

Vanquished Creatures
  Jessica (D:2)
  A ribbon worm (D:2)
  5 endoplasms
  8 giant cockroaches
  3 goblins
  5 hobgoblins
  4 kobolds
  2 quokkas (D:2)
  3 ball pythons
  3 bats
  4 frilled lizards
  5 rats
44 creatures vanquished.

Vanquished Creatures (collateral kills)
  3 giant cockroaches (D:2)
  A frilled lizard (D:2)
4 creatures vanquished.

Grand Total: 48 creatures vanquished

Notes
Turn   | Place    | Note
-------+----------+-------------------------------------------
     0 | D:1      | spaghetti the Demonspawn Summoner began the quest for the
                  | Orb.
     0 | D:1      | Reached XP level 1. HP: 13/13 MP: 3/3
   162 | D:1      | Reached skill level 1 in Maces & Flails
   337 | D:1      | Gained mutation: You are surrounded by a mild repulsion
                  | field. (EV +2) [demonic ancestry]
   337 | D:1      | Reached XP level 2. HP: 18/19 MP: 5/5
   599 | D:1      | Learned a level 2 spell: Call Imp
  1047 | D:2      | Found a hide-covered altar of Uskayaw.
  1288 | D:2      | Reached XP level 3. HP: 21/24 MP: 6/6
  1310 | D:2      | Learned a level 3 spell: Call Canine Familiar
  1676 | D:2      | Noticed Jessica
  1698 | D:2      | Killed Jessica
  1699 | D:2      | Gained mutation: Your touch may inflict minor irresistible
                  | damage on your foes. [demonic ancestry]
  1699 | D:2      | Reached XP level 4. HP: 11/30 MP: 7/7
  2252 | D:2      | Killed from afar by an orc priest

Illustrated notes

Levels and vault maps discovered:
D:1:      dpeg_arrival_boxes_within_box, layout_rooms, serial_co_window_serial,
          co_window_corner_a, co_window_paths_b, co_window_paths_a,
          co_window_paths_a, co_window_corner_a, co_window_corner_a,
          co_window_paths_a, co_window_paths_b, co_window_cross_1,
          co_window_paths_c, co_window_of_opportunity_b, co_window_corner_b,
          co_window_corner_b, co_window_corner_cb, glass_columns_a,
          glass_columns_b, glass_columns_c, glass_columns_a, glass_columns_b
D:2:      minmay_roachtagon, layout_basic, basic_altar,
          corexii_leaking_fountain, corner_web_ring,
          minmay_fractal_squares_gapless_5, uniq_jessica
D:3:      cheibrodos_greedy_goblins, layout_basic,
          mainiacjoe_overflow_divided_tiny, uniq_grinder, uniq_terence,
          uniq_natasha

Skill      XL: |  1  2  3 |
---------------+----------+-----
Maces & Flails | 1 2 3 |  3.5
Dodging        | |  1.7
Stealth        | |  1.7
Spellcasting   | |  2.0
Summonings     | |  4.0

Action                     |  1- 3 |  4- 6 || total
---------------------------+-------+-------++-------
  Melee: Great mace        |   153 |    14 ||   167
   Cast: Call Imp          |     1 |       ||     1
    Use: Potion            |       |     5 ||     5
   Stab: Sleeping          |     6 |     1 ||     7
 Armour: Robe              |   103 |    10 ||   113
  Dodge: Dodged            |   191 |    15 ||   206
